| TOP OF THE 1ST |
|
Orlando Devil Rays batting - Pitching for Charlotte Knights : LHP Greg Mathews
|
|
Pitching: LHP Greg Mathews
|
|
|
Batting: RHB Craig Biggio
|
0-0: Called Strike 0-1: Foul Ball, location: 2F 0-2: SINGLE (Groundball, 56D, EV 108.1 MPH)
|
|
Batting: RHB Brian Jordan
|
0-0: SINGLE (Flyball, 8RS, EV 88.1 MPH) Craig Biggio to second
|
|
Batting: RHB Jeff Bagwell
|
0-0: Fielders Choice at 2nd, 3-6 (Groundball, 3, EV 76.3 MPH) Craig Biggio to third
|
|
Batting: RHB Ron Gant
|
0-0: Ball 1-0: Called Strike 1-1: Foul Ball, location: 2F 1-2: Strikes out swinging
|
|
Batting: RHB Tim Salmon
|
0-0: Called Strike 0-1: Foul Ball, location: 2F 0-2: Ball 1-2: Foul Ball, location: 2F 1-2: Strikes out swinging
|
| Top of the 1st over - 0 runs, 2 hits, 0 errors, 2 left on base; Orlando 0 - Charlotte 0 |
| BOTTOM OF THE 1ST |
|
Charlotte Knights batting - Pitching for Orlando Devil Rays : RHP Joe Johnson
|
|
Pitching: RHP Joe Johnson
|
|
|
Batting: SHB Orlando Merced
|
0-0: Called Strike 0-1: Ball 1-1: Ball 2-1: Fly out, F7 (Flyball, 78M, EV 95.0 MPH)
|
|
Batting: LHB Jason Giambi
|
0-0: Ball 1-0: Called Strike 1-1: Ball 2-1: Foul Ball, location: 2F 2-2: Ground out U3 (Groundball, 3S, EV 89.4 MPH)
|
|
Batting: SHB Carl Everett
|
0-0: Ball 1-0: Ball 2-0: Ball 3-0: Called Strike 3-1: Foul Ball, location: 2F 3-2: Base on Balls
|
|
Batting: RHB Nomar Garciaparra
|
0-0: Swinging Strike 0-1: Fielders Choice at 2nd, 5-4 (Groundball, 56, EV 85.6 MPH)
|
| Bottom of the 1st over - 0 runs, 0 hits, 0 errors, 1 left on base; Orlando 0 - Charlotte 0 |
| TOP OF THE 2ND |
|
Orlando Devil Rays batting - Pitching for Charlotte Knights : LHP Greg Mathews
|
|
Batting: RHB Ivan Rodriguez
|
0-0: Fly out, F5 (Line Drive, 5, EV 66.9 MPH)
|
|
Batting: LHB Paul O'Neill
|
0-0: Swinging Strike 0-1: Ball 1-1: Swinging Strike 1-2: Foul Ball, location: 2F 1-2: Ball 2-2: Ground out 6-3 (Groundball, 6, EV 88.8 MPH)
|
|
Batting: SHB Jose Valentin
|
0-0: Ball 1-0: Ball 2-0: Foul Ball, location: 2F 2-1: Foul Ball, location: 2F 2-2: Foul Ball, location: 2F 2-2: Ball 3-2: Fly out, F3 (Popup, 34, EV 65.0 MPH)
|
| Top of the 2nd over - 0 runs, 0 hits, 0 errors, 0 left on base; Orlando 0 - Charlotte 0 |
| BOTTOM OF THE 2ND |
|
Charlotte Knights batting - Pitching for Orlando Devil Rays : RHP Joe Johnson
|
|
Batting: RHB Shane Mack
|
0-0: Ground out 5-3 (Groundball, 56, EV 108.1 MPH)
|
|
Batting: RHB Mark Carreon
|
0-0: Foul Ball, location: 2F 0-1: Ball 1-1: Foul Ball, location: 2F 1-2: Ground out 6-3 (Groundball, 6, EV 90.0 MPH)
|
|
Batting: RHB Tony Batista
|
0-0: Called Strike 0-1: Ball 1-1: Foul Ball, location: 2F 1-2: Strikes out looking
|
| Bottom of the 2nd over - 0 runs, 0 hits, 0 errors, 0 left on base; Orlando 0 - Charlotte 0 |
| TOP OF THE 3RD |
|
Orlando Devil Rays batting - Pitching for Charlotte Knights : LHP Greg Mathews
|
|
Batting: SHB Jose Oquendo
|
0-0: Fly out, F9 (Flyball, 89M, EV 89.4 MPH)
|
|
Batting: RHB Craig Biggio
|
0-0: Foul Ball, location: 2F 0-1: Ball 1-1: Ball 2-1: Called Strike 2-2: Foul Ball, location: 2F 2-2: Foul Ball, location: 2F 2-2: Fly out, F7 (Flyball, 7LSF, EV 92.5 MPH)
|
|
Batting: RHB Brian Jordan
|
0-0: Called Strike 0-1: Ball 1-1: Foul Ball, location: 2F 1-2: Strikes out swinging
|
| Top of the 3rd over - 0 runs, 0 hits, 0 errors, 0 left on base; Orlando 0 - Charlotte 0 |
| BOTTOM OF THE 3RD |
|
Charlotte Knights batting - Pitching for Orlando Devil Rays : RHP Joe Johnson
|
|
Batting: RHB Todd Zeile
|
0-0: Ground out 5-3 (Groundball, 56, EV 84.4 MPH)
|
|
Batting: RHB George Arias
|
0-0: Called Strike 0-1: Foul Ball, location: 2F 0-2: Ball 1-2: Strikes out looking
|
|
Batting: SHB Orlando Merced
|
0-0: Ball 1-0: Called Strike 1-1: Ball 2-1: Ground out 4-3 (Groundball, 4, EV 78.1 MPH)
|
| Bottom of the 3rd over - 0 runs, 0 hits, 0 errors, 0 left on base; Orlando 0 - Charlotte 0 |
| TOP OF THE 4TH |
|
Orlando Devil Rays batting - Pitching for Charlotte Knights : LHP Greg Mathews
|
|
Batting: RHB Jeff Bagwell
|
0-0: Called Strike 0-1: Foul Ball, location: 2F 0-2: Foul Ball, location: 2F 0-2: Ball 1-2: Strikes out looking
|
|
Batting: RHB Ron Gant
|
0-0: Called Strike 0-1: Ball 1-1: Ground out 5-3 (Groundball, 56S, EV 70.0 MPH)
|
|
Batting: RHB Tim Salmon
|
0-0: DOUBLE (Flyball, 8LXD, EV 100.6 MPH)
|
|
Pitching: RHP Jose J. Bautista
|
|
|
Batting: RHB Ivan Rodriguez
|
0-0: Called Strike 0-1: Ball 1-1: Foul Ball, location: 2F 1-2: Ground out 5-3 (Groundball, 56S, EV 80.6 MPH)
|
| Top of the 4th over - 0 runs, 1 hit, 0 errors, 1 left on base; Orlando 0 - Charlotte 0 |
| BOTTOM OF THE 4TH |
|
Charlotte Knights batting - Pitching for Orlando Devil Rays : RHP Joe Johnson
|
|
Batting: LHB Jason Giambi
|
0-0: Called Strike 0-1: Ball 1-1: Swinging Strike 1-2: Foul Ball, location: 2F 1-2: Ball 2-2: Foul Ball, location: 2F 2-2: Strikes out swinging
|
|
Batting: SHB Carl Everett
|
0-0: Ground out 5-3 (Groundball, 56, EV 84.4 MPH)
|
|
Batting: RHB Nomar Garciaparra
|
0-0: Ball 1-0: Ball 2-0: Called Strike 2-1: DOUBLE (Groundball, 5L, EV 106.9 MPH)
|
|
Batting: RHB Shane Mack
|
0-0: Fly out, F7 (Flyball, 7D, EV 104.4 MPH)
|
| Bottom of the 4th over - 0 runs, 1 hit, 0 errors, 1 left on base; Orlando 0 - Charlotte 0 |
| TOP OF THE 5TH |
|
Orlando Devil Rays batting - Pitching for Charlotte Knights : RHP Jose J. Bautista
|
|
Batting: LHB Paul O'Neill
|
0-0: Ball 1-0: Ball 2-0: Fly out, F8 (Line Drive, 8LD, EV 89.4 MPH)
|
|
Batting: SHB Jose Valentin
|
0-0: Ball 1-0: Swinging Strike 1-1: Ball 2-1: Swinging Strike 2-2: SINGLE (Line Drive, 89M, EV 110.6 MPH)
|
|
Batting: SHB Jose Oquendo
|
0-0: Ball 1-0: Foul Ball, location: 2F 1-1: Swinging Strike 1-2: Foul Ball, location: 2F 1-2: Fielders Choice at 2nd, 4-6 (Groundball, 4, EV 100.0 MPH)
|
|
Batting: RHB Craig Biggio
|
0-0: Called Strike Jose Oquendo steals 2nd base 0-1: Ball 1-1: Ball 2-1: Foul Ball, location: 2F 2-2: Strikes out swinging
|
| Top of the 5th over - 0 runs, 1 hit, 0 errors, 1 left on base; Orlando 0 - Charlotte 0 |
| BOTTOM OF THE 5TH |
|
Charlotte Knights batting - Pitching for Orlando Devil Rays : RHP Joe Johnson
|
|
Batting: RHB Mark Carreon
|
0-0: Ball 1-0: Swinging Strike 1-1: Ball 2-1: Foul Ball, location: 2F 2-2: Foul Ball, location: 2F 2-2: Foul Ball, location: 2F 2-2: Ball 3-2: Base on Balls
|
|
Batting: RHB Tony Batista
|
0-0: Called Strike 0-1: Ball 1-1: Foul Ball, location: 2F 1-2: Foul Ball, location: 2F 1-2: Ball 2-2: Ball 3-2: Fly out, F7 (Flyball, 7LM, EV 100.6 MPH)
|
|
Batting: RHB Todd Zeile
|
0-0: Ball 1-0: Called Strike 1-1: Ball 2-1: Foul Ball, location: 2F 2-2: Ball 3-2: Fly out, F6 (Line Drive, 6, EV 70.0 MPH)
|
|
Batting: RHB George Arias
|
0-0: Swinging Strike 0-1: Ball 1-1: Ball 2-1: Called Strike 2-2: Ground out 1-3 (Groundball, P, EV 70.6 MPH)
|
| Bottom of the 5th over - 0 runs, 0 hits, 0 errors, 1 left on base; Orlando 0 - Charlotte 0 |
| TOP OF THE 6TH |
|
Orlando Devil Rays batting - Pitching for Charlotte Knights : RHP Jose J. Bautista
|
|
Batting: RHB Brian Jordan
|
0-0: Foul Ball, location: 2F 0-1: Foul Ball, location: 2F 0-2: Fly out, F6 (Popup, 6MD, EV 66.9 MPH)
|
|
Batting: RHB Jeff Bagwell
|
0-0: Ball 1-0: Foul Ball, location: 2F 1-1: Ball 2-1: Foul Ball, location: 2F 2-2: Foul Ball, location: 2F 2-2: SINGLE (Line Drive, 7LS, EV 91.3 MPH)
|
|
Batting: RHB Ron Gant
|
0-0: Foul Ball, location: 2F 0-1: Called Strike 0-2: 2-RUN HOME RUN (Flyball, 7LD, EV 93.8 MPH), Distance : 370 ft
|
|
Batting: RHB Tim Salmon
|
0-0: Ball 1-0: Called Strike 1-1: Called Strike 1-2: Foul Ball, location: 2F 1-2: Ball 2-2: Foul Ball, location: 2F 2-2: Ground out 1-3 (Groundball, 13S, EV 68.1 MPH)
|
|
Batting: RHB Ivan Rodriguez
|
0-0: Called Strike 0-1: Ground out 4-3 (Groundball, 4, EV 88.1 MPH)
|
| Top of the 6th over - 2 runs, 2 hits, 0 errors, 0 left on base; Orlando 2 - Charlotte 0 |
| BOTTOM OF THE 6TH |
|
Charlotte Knights batting - Pitching for Orlando Devil Rays : RHP Joe Johnson
|
|
Batting: SHB Orlando Merced
|
0-0: Ball 1-0: Ball 2-0: Ground out 4-3 (Groundball, 4S, EV 88.8 MPH)
|
|
Batting: LHB Jason Giambi
|
0-0: Called Strike 0-1: Ball 1-1: Ball 2-1: Foul Ball, location: 2F 2-2: Ground out U3 (Groundball, 3, EV 85.6 MPH)
|
|
Batting: SHB Carl Everett
|
0-0: Ball 1-0: Ball 2-0: Fly out, F8 (Flyball, 8RM, EV 80.0 MPH)
|
| Bottom of the 6th over - 0 runs, 0 hits, 0 errors, 0 left on base; Orlando 2 - Charlotte 0 |
| TOP OF THE 7TH |
|
Orlando Devil Rays batting - Pitching for Charlotte Knights : RHP Jose J. Bautista
|
|
Batting: LHB Paul O'Neill
|
0-0: Swinging Strike 0-1: Ball 1-1: Ball 2-1: Fly out, F2 (Popup, 25F, EV 85.6 MPH)
|
|
Batting: SHB Jose Valentin
|
0-0: Ball 1-0: Ball 2-0: Ball 3-0: Base on Balls
|
|
Pitching: RHP Tim Burke
|
|
|
Batting: SHB Jose Oquendo
|
0-0: Called Strike 0-1: Foul Ball, location: 2F 0-2: Fly out, F8 (Flyball, 89M, EV 86.9 MPH)
|
|
Batting: RHB Craig Biggio
|
0-0: Called Strike Jose Valentin steals 2nd, throwing error, E2 Jose Valentin to third 0-1: Ball 1-1: Ball 2-1: Ground out 3-1 (Groundball, 34, EV 105.0 MPH)
|
| Top of the 7th over - 0 runs, 0 hits, 1 error, 1 left on base; Orlando 2 - Charlotte 0 |
| BOTTOM OF THE 7TH |
|
Charlotte Knights batting - Pitching for Orlando Devil Rays : RHP Joe Johnson
|
|
Batting: RHB Nomar Garciaparra
|
0-0: Ground out 6-3 (Groundball, 6, EV 85.0 MPH)
|
|
Batting: RHB Shane Mack
|
0-0: Foul Ball, location: 2F 0-1: Ball 1-1: Ball 2-1: Foul Ball, location: 2F 2-2: Ball 3-2: Fly out, F7 (Flyball, 7LMF, EV 94.4 MPH)
|
|
Batting: RHB Mark Carreon
|
0-0: Ball 1-0: Ground out 4-3 (Groundball, 4M, EV 91.9 MPH)
|
| Bottom of the 7th over - 0 runs, 0 hits, 0 errors, 0 left on base; Orlando 2 - Charlotte 0 |
| TOP OF THE 8TH |
|
Orlando Devil Rays batting - Pitching for Charlotte Knights : RHP Tim Burke
|
|
Batting: RHB Brian Jordan
|
0-0: Foul Ball, location: 2F 0-1: Ground out 5-3 (Groundball, 56, EV 86.3 MPH)
|
|
Batting: RHB Jeff Bagwell
|
0-0: Called Strike 0-1: Foul Ball, location: 2F 0-2: Ball 1-2: Strikes out swinging
|
|
Batting: RHB Ron Gant
|
0-0: Ball 1-0: Foul Ball, location: 2F 1-1: Foul Ball, location: 2F 1-2: Strikes out looking
|
| Top of the 8th over - 0 runs, 0 hits, 0 errors, 0 left on base; Orlando 2 - Charlotte 0 |
| BOTTOM OF THE 8TH |
|
Charlotte Knights batting - Pitching for Orlando Devil Rays : RHP Joe Johnson
|
|
Batting: RHB Tony Batista
|
0-0: Ground out 3-1 (Groundball, 34S, EV 73.1 MPH)
|
|
Batting: RHB Todd Zeile
|
0-0: Ball 1-0: Foul Ball, location: 2F 1-1: Ground out 6-3 (Groundball, 6, EV 79.4 MPH)
|
|
Batting: RHB George Arias
|
0-0: Swinging Strike 0-1: Swinging Strike 0-2: Reached on error, E7 (Flyball, 7S, EV 78.8 MPH)
|
|
Batting: SHB Orlando Merced
|
0-0: Foul Ball, location: 2F 0-1: Ball 1-1: Ball 2-1: Foul Ball, location: 2F 2-2: Fly out, F4 (Flyball, 34D, EV 87.5 MPH)
|
| Bottom of the 8th over - 0 runs, 0 hits, 1 error, 1 left on base; Orlando 2 - Charlotte 0 |
| TOP OF THE 9TH |
|
Orlando Devil Rays batting - Pitching for Charlotte Knights : RHP Tim Burke
|
|
Batting: RHB Tim Salmon
|
0-0: Ball 1-0: Called Strike 1-1: Ball 2-1: Foul Ball, location: 2F 2-2: Ball 3-2: Ground out 6-3 (Groundball, 6, EV 100.0 MPH)
|
|
Batting: RHB Ivan Rodriguez
|
0-0: Ball 1-0: SINGLE (Line Drive, 4D, EV 105.6 MPH)
|
|
Pitching: LHP Eric Hillman
|
|
|
Batting: LHB Paul O'Neill
|
0-0: Ball 1-0: Ball 2-0: Foul Ball, location: 2F 2-1: Ball 3-1: SINGLE (Groundball, 3, EV 85.6 MPH) (infield hit) Ivan Rodriguez to second
|
|
Pitching: RHP Jeff E. Gray
|
|
|
Batting: SHB Jose Valentin
|
0-0: Fly out, F3 (Popup, 3SF, EV 80.6 MPH)
|
|
Batting: SHB Jose Oquendo
|
0-0: Ball 1-0: Ball 2-0: Fly out, F8 (Line Drive, 8LD, EV 90.6 MPH)
|
| Top of the 9th over - 0 runs, 2 hits, 0 errors, 2 left on base; Orlando 2 - Charlotte 0 |
| BOTTOM OF THE 9TH |
|
Charlotte Knights batting - Pitching for Orlando Devil Rays : RHP Joe Johnson
|
|
Pitching: RHP Xavier Hernandez
|
|
|
Batting: LHB Jason Giambi
|
0-0: Ball 1-0: Ball 2-0: Ball 3-0: Base on Balls
|
|
Batting: SHB Carl Everett
|
0-0: Hit by Pitch Jason Giambi to second
|
|
Batting: RHB Nomar Garciaparra
|
0-0: Foul Ball, location: 2F 0-1: Ball 1-1: Ball 2-1: Foul Ball, location: 2F 2-2: Ball 3-2: Fly out, F7 (Line Drive, 7D, EV 101.3 MPH) Runner from 2nd tags up, SAFE at 3rd with throw by LF
|
|
Batting: RHB Shane Mack
|
0-0: Ball 1-0: Foul Ball, location: 2F 1-1: Swinging Strike 1-2: Ball 2-2: Strikes out swinging
|
|
Batting: RHB Mark Carreon
|
0-0: Called Strike 0-1: Ball 1-1: Ball 2-1: SINGLE (Line Drive, 89S, EV 106.9 MPH) Jason Giambi scores Carl Everett to second
|
|
Batting: RHB Tony Batista
|
0-0: Ball 1-0: Ground out 2-3 (Groundball, 13S, EV 72.5 MPH)
|
| Bottom of the 9th over - 1 run, 1 hit, 0 errors, 2 left on base; Orlando 2 - Charlotte 1 |
|